 Dungeon Crawl Stone Soup version 0.29-a0-559-g359e09b9d1 (webtiles) character file.

Game seed: 13327895591378084430

12 Heedrag the Conjurer (level 2, -2/19 HPs)
             Began as a Demonspawn Conjurer on June 9, 2022.
             Slain by a hobgoblin (3 damage)
             ... on level 1 of the Dungeon.
             The game lasted 00:01:01 (366 turns).

Heedrag the Conjurer (Demonspawn Conjurer)           Turns: 366, Time: 00:01:02

Health: -2/19      AC:  3    Str:  7    XL:     2   Next: 20%
Magic:  0/5        EV: 12    Int: 19    God:
Gold:   58         SH:  0    Dex: 11    Spells: 4/5 levels left

rFire   . . .      SeeInvis .   (no weapon)
rCold   . . .      Faith    .   (no shield)
rNeg    . . .      Spirit   .   a - +0 robe
rPois   .          Reflect  .   (no helmet)
rElec   .          Harm     .   (no cloak)
rCorr   .          Rampage  .   (no gloves)
Will    .....                   (no boots)
Stlth   ++........              (no amulet)
HPRegen 0.06/turn               (no ring)
MPRegen 0.09/turn               (no ring)

@: no status effects
A: sharp scales 1
a: no special abilities


You were on level 1 of the Dungeon.
You visited 1 branch of the dungeon, and saw 1 of its levels.

You collected 58 gold pieces.

Inventory:

Armour
 a - a +0 robe (worn)
Scrolls
 c - a scroll of identify {unknown}
 d - a scroll of blinking {unknown}
 e - a scroll of noise {unknown}
Potions
 b - a potion of magic
 f - a potion of ambrosia {unknown}


   Skills:
 - Level 2.0 Dodging
 + Level 2.0 Stealth
 + Level 2.1 Spellcasting
 * Level 4.2 Conjurations


You had 4 spell levels left.
You knew the following spells:

 Your Spells              Type           Power      Damage    Failure   Level
a - Magic Dart            Conj           72%        1d6       3%          1

Your spell library contained the following spells:

 Spells                   Type           Power      Damage    Failure   Level
 Searing Ray              Conj           36%        2d5       4%          2
 Dazzling Flash           Conj/Hex       20%        N/A       22%         3
 Fulminant Prism          Conj/Hex       5%         3d7       56%         4
 Iskenderun's Mystic Bla  Conj/Tloc      10%        2d4       56%         4


Dungeon Overview and Level Annotations

Branches:
Dungeon (1/15)

Altars:


Innate Abilities, Weirdness & Mutations

You are partially covered in razor-sharp scales. (AC +1, Slay +1)


Message History

A bat is nearby!
A bat is nearby!
A bat is nearby!
The magic dart hits the bat.
You kill the bat!
You can't see any susceptible monsters within range! (Use Z to cast anyway.)
You can't see any susceptible monsters within range! (Use Z to cast anyway.)
Found 18 gold pieces.
A kobold comes into view. It is wielding a +0 whip.
Found a glowing puce potion.
The magic dart hits the kobold but does no damage.
The kobold shouts!
You hear a shout!
A rat comes into view.
The magic dart hits the kobold.
A hobgoblin comes into view.
The magic dart hits the kobold.
You kill the kobold!
The magic dart hits the rat.
The magic dart hits the rat.
You kill the rat!
Training target 2.0 for Dodging reached!
Your Dodging skill increases to level 2!
The hobgoblin closely misses you.
You hit the hobgoblin. The hobgoblin hits you.
You closely miss the hobgoblin.
A quokka comes into view.
The hobgoblin hits you.
You closely miss the hobgoblin. The hobgoblin hits you.
You closely miss the hobgoblin. The hobgoblin barely misses you.
You hit the hobgoblin but do no damage. The hobgoblin hits you.
* * * LOW HITPOINT WARNING * * *
Aim: a hobgoblin (100% to hit)
The magic dart hits the hobgoblin.
The hobgoblin hits you.
* * * LOW HITPOINT WARNING * * *
The hobgoblin attacks as you move away! The hobgoblin closely misses you.
The hobgoblin attacks as you move away! The hobgoblin barely misses you.
The quokka bites you.
* * * LOW HITPOINT WARNING * * *
Aim: a hobgoblin (lightly wounded, 100% to hit)
The magic dart hits the quokka.
The quokka bites you.
* * * LOW HITPOINT WARNING * * *
Unknown command.
You hit the quokka but do no damage. The quokka misses you.
Unknown command.
You hit the quokka.
You kill the quokka!
Unknown command.
The hobgoblin attacks as you move away! The hobgoblin closely misses you.
The hobgoblin attacks as you move away! The hobgoblin hits you.
You die...

.............#
.............####
......#......##..
#######......##.#
#......##.##
#......##†##
#......##.##
#.########......##'##
#...@g...............
###############.....#
#...... #......
#...... ###.... #....
#.... #....


You could see a hobgoblin.

Vanquished Creatures
  5 bats (D:1)
  A hobgoblin (D:1)
  2 kobolds (D:1)
  2 quokkas (D:1)
  A rat (D:1)
11 creatures vanquished.

Notes
Turn   | Place    | Note
-------+----------+-------------------------------------------
     0 | D:1      | Heedrag the Demonspawn Conjurer began the quest for the
                  | Orb.
     0 | D:1      | Reached XP level 1. HP: 13/13 MP: 3/3
   277 | D:1      | Gained mutation: You are partially covered in razor-sharp
                  | scales. (AC +1, Slay +1) [demonic ancestry]
   277 | D:1      | Reached XP level 2. HP: 19/19 MP: 3/5
   366 | D:1      | Slain by a hobgoblin

Illustrated notes

Levels and vault maps discovered:
D:1:      mushboom_english_gardens, layout_basic, minmay_pentomino_q2

Skill      XL: |  1  2 |
---------------+-------+-----
Stealth        | 2 |  2.0
Dodging        | 2 |  2.0
Spellcasting   | |  2.1
Conjurations   | |  4.2

Action                   || total
-------------------------++-------
Melee: Unarmed           ||     7
 Cast: Magic Dart        ||    18
Dodge: Dodged            ||     6

Table legend: (Time is in decaauts)
 A = Elapsed time spent in this place.
 B = Non-inter-level travel time spent in this place.
 C = Inter-level travel time spent in this place.
 D = Time resting spent in this place.
 E = Time spent auto-exploring this place.
 F = Levels seen in this place.
 G = Mean time per level.
                   A        B        C        D        E       F      G
               +--------+--------+--------+--------+--------+-----+--------+
         Total |    366 |    366 |      0 |     90 |    205 |   1 |  366.0 |
       Dungeon |    366 |    366 |      0 |     90 |    205 |   1 |  366.0 |
               +--------+--------+--------+--------+--------+-----+--------+

Top non-repeatable levels by time:
     D:1: 366 daAuts
